 Dungeon Crawl Stone Soup version 0.14.1-26-g5a19342 (webtiles) character file.

4411 Kae the Covert (level 10, -2/44 HPs)
             Began as a Spriggan Enchanter on July 31, 2014.
             Was a Believer of Dithmenos.
             Slain by a shark (9 damage)
             ... on Level 7 of the Dungeon.
             The game lasted 00:17:18 (9330 turns).

Kae the Covert (Spriggan Enchanter)                 Turns: 9330, Time: 00:17:18

HP  -2/44        AC  7     Str  7      XL: 10   Next:  4%
MP  19/29        EV 18     Int 17      God: Dithmenos [**....]
Gold 369         SH  0     Dex 17      Spells:  4 memorised, 15 levels left

rFire  . . .     SeeInvis +     a - +1 dagger
rCold  + . .     Clarity  .     b - +2 robe
rNeg   . . .     Conserve .     (shield restricted)
rPois  .         rCorr    .     (helmet restricted)
rElec  .         rRot     .     o - +2 cloak
SustAb + .       Spirit   .     (gloves unavailable)
rMut   .         Warding  .     (boots unavailable)
Saprov . . .     Stasis   .     (no amulet)
MR     +....                    y - ring of protection from cold
                                e - ring of sustain abilities

@: very slightly contaminated, wreathed by umbra, very quick, somewhat resistant
to hostile enchantments, extraordinarily stealthy
A: unfitting armour, see invisible, herbivore 3, speed 3, slow metabolism 2
a: Shadow Step, Renounce Religion


You were on level 7 of the Dungeon.
You worshipped Dithmenos.
Dithmenos was pleased with you.
You were hungry.

You visited 1 branch of the dungeon, and saw 7 of its levels.

You collected 369 gold pieces.

Inventory:

Hand weapons
 a - a +1,+1 dagger (weapon)
Missiles
 d - 12 darts (quivered)
Armour
 b - a +2 robe (worn)
 o - a +2 cloak (worn)
Magical devices
 u - a wand of lightning (5) {unknown}
 z - a wand of random effects (0)
Comestibles
 s - 3 bread rations
Scrolls
 f - a scroll of enchant armour
 g - 3 scrolls of immolation
 i - 3 scrolls of identify
 j - 2 scrolls of teleportation
 l - 3 scrolls of remove curse
 v - a scroll of random uselessness
 D - a scroll of enchant weapon II {unknown}
 E - 2 scrolls of amnesia
Jewellery
 e - a ring of sustain abilities (left hand)
 r - an uncursed amulet of rage
 x - a +4,+5 ring of slaying
 y - a ring of protection from cold (right hand)
 F - an uncursed amulet of resist mutation {unknown}
 G - a cursed ring of teleportation {unknown}
Potions
 h - 3 potions of curing
 k - a potion of resistance
 m - 3 potions of poison
 n - a potion of berserk rage
 p - a potion of magic
 t - a potion of might
 C - a potion of invisibility
Books
 c - a book of Maledictions

   Spells                             Type                      Level
   *Corona                            Hexes                        1
   Sure Blade                         Hexes/Charms                 2
   *Ensorcelled Hibernation           Hexes/Ice                    2
   *Confuse                           Hexes                        3
   Enslavement                        Hexes                        4
   Invisibility                       Hexes                        6
 q - a book of Minor Magic

   Spells                             Type                      Level
   Magic Dart                         Conjuration                  1
   *Blink                             Translocation                2
   Call Imp                           Summoning                    2
   Repel Missiles                     Charms/Air                   2
   Slow                               Hexes                        2
   Conjure Flame                      Conjuration/Fire             3
   Mephitic Cloud                     Conjuration/Poison/Air       3
 A - a book of Air

   Spells                             Type                      Level
   Shock                              Conjuration/Air              1
   Swiftness                          Charms/Air                   2
   Repel Missiles                     Charms/Air                   2
   Flight                             Charms/Air                   3
   Static Discharge                   Conjuration/Air              3
   Lightning Bolt                     Conjuration/Air              5
Miscellaneous
 w - an ornate deck of summonings


   Skills:
 * Level 9.3 Short Blades
 - Level 1.1 Throwing
 - Level 3.0 Dodging
 * Level 13.0 Stealth
 + Level 7.2 Spellcasting
 + Level 7.9 Hexes


You had 15 spell levels left.
You knew the following spells:

 Your Spells              Type           Power        Failure   Level  Hunger
a - Corona                Hex            ####...      1%          1    None
b - Ensorcelled Hibernat  Hex/Ice        ###...       3%          2    None
c - Confuse               Hex            ####....     1%          3    ##.....
d - Blink                 Tloc           N/A          21%         2    None


Dungeon Overview and Level Annotations

Branches:
Dungeon (7/15)             Temple (0/1) D:6

Altars:
Dithmenos
Makhleb
Nemelex Xobeh
Okawaru
Trog

Shops:
D:7 =


Innate Abilities, Weirdness & Mutations

You are tiny and cannot use many weapons and most armour.
You have supernaturally acute eyesight.
You are a herbivore.
You cover ground extremely quickly.
You need consume almost no food.


Message History

You feel clever.
The shark goes into a frenzy at the smell of blood! x2
Casting: Ensorcelled Hibernation
Confirm with . or Enter, or press ? or * to list all spells.
Aiming: Ensorcelled Hibernation
Press: ? - help, Shift-Dir - straight line, f - shark
Aim: a shark (water, consumed by blood-lust, umbra)
The shark looks drowsy...
The helpless shark fails to defend itself.
You stick the shark like a pincushion!!!!
You kill the shark!
Dithmenos accepts your kill.
You hear a splash.
Your Stealth skill increases to level 13!
Your life force feels restored.
The shark bites you!
Ouch! That really hurt!
* * * LOW HITPOINT WARNING * * *
The shark bites you!
You die...

..............#####).
#####...............
###≈≈≈###......#####..
##≈≈≈≈≈..####......##..
####≈≈≈≈≈≈%..####..##.##.#
#..#≈≈≈≈...........##.##.#
#..#≈≈≈≈.................#
#..#≈≈≈≈.≈............##.#
#..#≈≈≈≈.@...####)....##.#
#..##≈≈≈≈;..####..........
#...###≈≈≈###.............
#######...#####...............
#........#....................
#........####..#.#.#......##.#
#........# #.................
#........# #..#.#.#.........#
#######.## #..#.#.#....####..


You could see a shark (frenzied).

Vanquished Creatures
  The ghost of Maja the Spear-Bearer, an experienced DsAK of Lugonu (D:5)
  A kobold demonologist (D:7)
  Prince Ribbit (D:5)
  2 two-headed ogres
  3 sharks (D:7)
  A hippogriff (D:7)
  An ice beast (D:6)
  A sky beast (D:7)
  2 orc warriors (D:5)
  3 ogres
  A black bear (D:6)
  A phantom (D:5)
  2 centaurs
  4 giant frogs
  3 killer bees (D:7)
  A jelly (D:6)
  3 crimson imps (D:5)
  2 hounds (D:5)
  A giant frog skeleton (D:6)
  An orc priest (D:7)
  5 worker ants
  2 iguanas
  7 orc wizards
  A big kobold zombie (D:6)
  Ijyb (D:5)
  7 gnolls
  21 adders
  3 shadow imps (D:6)
  5 worms
  An iguana zombie (D:6)
  An adder skeleton (D:5)
  6 giant geckos
  2 oozes
  18 orcs
  5 ball pythons
  7 giant cockroaches
  22 goblins
  16 hobgoblins
  5 quokkas
  10 bats
  12 giant newts
  A giant newt zombie (D:5)
  A hobgoblin zombie (D:5)
  11 jackals
  A jackal zombie (D:6)
  14 kobolds
  A quokka zombie (D:5)
  18 rats
  A rat zombie (D:5)
240 creatures vanquished.

Notes
Turn   | Place    | Note
--------------------------------------------------------------
     0 | D:1      | Kae, the Spriggan Enchanter, began the quest for the Orb.
     0 | D:1      | Reached XP level 1. HP: 9/9 MP: 4/4
   386 | D:1      | Reached XP level 2. HP: 8/13 MP: 7/7
   392 | D:1      | Learned a level 2 spell: Ensorcelled Hibernation
   965 | D:2      | Reached skill level 4 in Hexes
   983 | D:2      | Reached XP level 3. HP: 13/16 MP: 6/9
  1048 | D:2      | Reached XP level 4. HP: 11/21 MP: 0/13
  1289 | D:2      | Reached skill level 5 in Stealth
  1559 | D:2      | Reached XP level 5. HP: 24/24 MP: 14/16
  2320 | D:3      | Reached skill level 6 in Stealth
  2794 | D:3      | Reached XP level 6. HP: 19/28 MP: 11/18
  3407 | D:4      | Reached skill level 5 in Hexes
  3414 | D:4      | Found a sparkling altar of Nemelex Xobeh.
  3678 | D:4      | Became a worshipper of Nemelex Xobeh the Trickster
  3725 | D:4      | Received a gift from Nemelex Xobeh
  3761 | D:4      | Found a shadowy altar of Dithmenos.
  3845 | D:4      | Reached skill level 7 in Stealth
  3876 | D:4      | Fell from the grace of Nemelex Xobeh
  3876 | D:4      | Became a worshipper of Dithmenos the Shadowed
  4063 | D:5      | Entered Level 5 of the Dungeon
  4146 | D:5      | Reached XP level 7. HP: 32/32 MP: 19/21
  4151 | D:5      | Learned a level 3 spell: Confuse
  4154 | D:5      | Learned a level 2 spell: Blink
  4157 | D:5      | Noticed Prince Ribbit
  4160 | D:5      | Killed Prince Ribbit
  4160 | D:5      | Reached skill level 5 in Short Blades
  4160 | D:5      | Reached skill level 8 in Stealth
  4162 | D:5      | Noticed Maja's ghost (experienced DsAK)
  4332 | D:5      | Noticed Ijyb
  4340 | D:5      | Killed Ijyb
  4375 | D:5      | Noticed a naga warrior
  4375 | D:5      | Noticed a naga sharpshooter
  4375 | D:5      | Noticed a salamander
  4881 | D:5      | Reached skill level 9 in Stealth
  4881 | D:5      | Reached skill level 5 in Spellcasting
  4881 | D:5      | Reached XP level 8. HP: 36/36 MP: 21/24
  4921 | D:5      | Killed Maja's ghost
  5166 | D:5      | HP: 1/36 [naga warrior/club[the fury of Okawaru] (4)]
  5434 | D:5      | Noticed a two-headed ogre
  5442 | D:5      | Killed a two-headed ogre
  5442 | D:5      | Reached skill level 10 in Stealth
  6574 | D:6      | Reached XP level 9. HP: 26/39 MP: 23/26
  6728 | D:6      | Reached skill level 11 in Stealth
  6824 | D:6      | Acquired Dithmenos' first power
  7087 | D:6      | Found a staircase to the Ecumenical Temple.
  7520 | D:6      | Found a burning altar of Makhleb.
  7806 | D:7      | Was placed under penance by Dithmenos
  7908 | D:7      | Was forgiven by Dithmenos
  8284 | D:7      | Noticed a kobold demonologist
  8296 | D:7      | Killed a kobold demonologist
  8296 | D:7      | Reached skill level 12 in Stealth
  8414 | D:7      | Found Gis Ikur's Jewellery Shop.
  8797 | D:7      | Found a bloodstained altar of Trog.
  8798 | D:7      | Found an iron altar of Okawaru.
  9327 | D:7      | Reached XP level 10. HP: 29/44 MP: 20/29
  9330 | D:7      | Reached skill level 13 in Stealth
  9330 | D:7      | Slain by a shark

Action                   |  1- 3 |  4- 6 |  7- 9 | 10-12 || total
-------------------------+-------+-------+-------+-------++-------
Melee: Dagger            |    85 |   386 |   451 |     1 ||   923
 Cast: Corona            |     2 |     3 |     1 |       ||     6
       Ensorcelled Hiber |     8 |    42 |   144 |     1 ||   195
       Confuse           |       |       |    25 |       ||    25
Evoke: Wand              |       |       |    12 |       ||    12
  Use: Potion            |       |     3 |     4 |       ||     7
       Scroll            |       |    10 |     7 |       ||    17
 Stab: Sleeping          |     9 |    51 |    74 |     1 ||   135
       Distracted        |       |     1 |     2 |       ||     3
       Confused          |       |       |     7 |       ||     7
